 Dungeon Crawl Stone Soup version 0.30-a0-723-gc1506a1cf0 (webtiles) character file.

Game seed: 8328985116947550428

142 ASSMAN the Magician (level 5, -8/35 HPs)
             Began as a Djinni Venom Mage on Jan 28, 2023.
             Killed by nerve-wracking pain
             ... invoked by Grinder
              (10 damage)
             ... while paralysed by Grinder
             ... on level 3 of the Dungeon.
             The game lasted 00:07:03 (3201 turns).

ASSMAN the Magician (Djinni Venom Mage)             Turns: 3201, Time: 00:07:04

Health: -8/35      AC:  4    Str: 11    XL:     5   Next: 50%
Gold:   216        EV:  2    Int: 17    God:
                   SH:  0    Dex: 13

rFire   + . .      SeeInvis +    (no weapon)
rCold   . . .      Faith    .    (no shield)
rNeg    . . .      Spirit   .    a - +0 robe
rPois   ∞          Reflect  .    (no helmet)
rElec   .          Harm     .    g - +1 cloak
rCorr   .          Rampage  .    (no gloves)
Will    .....                    (boots unavailable)
Stlth   ++                       (no amulet)
HPRegen 0.25/turn                p - ring of see invisible
MPRegen 0.00/turn                k - ring of ice

@: paralysed, brilliant, flying
A: sickness immunity, fire resistance 2, cold vulnerability 1, float, innate
caster, HP casting, extra vitality 1, strong 1
a: no special abilities


You were on level 3 of the Dungeon.
You visited 1 branch of the dungeon, and saw 4 of its levels.

You collected 216 gold pieces.

Inventory:

Missiles
 j - 4 curare-tipped darts
Armour
 a - a +0 robe (worn)
 g - a +1 cloak (worn)
Jewellery
 k - a ring of ice (right hand)
 p - a ring of see invisible (left hand)
Wands
 r - a wand of acid (7)
Scrolls
 c - 3 scrolls of teleportation {unknown}
 d - a scroll of noise {unknown}
 e - a scroll of silence {unknown}
 h - a scroll of blinking {unknown}
 n - a scroll of identify {unknown}
 o - a scroll of magic mapping {unknown}
Potions
 b - a potion of magic
 i - a potion of heal wounds
 l - a potion of might {unknown}
 m - a potion of haste {unknown}
 q - a potion of curing


   Skills:
 - Level 2.1 Dodging
 - Level 1.5 Stealth
 + Level 4.5 Spellcasting


You couldn't memorise any spells.
You knew the following spells:

 Your Spells              Type           Power      Damage    Failure   Level
a - Sting                 Tmut/Pois      100%       1d8       2%          1
b - Poisonous Vapours     Pois/Air       56%        N/A       3%          2
c - Mephitic Cloud        Conj/Pois/Air  28%        N/A       7%          3
d - Olgreb's Toxic Radia  Pois           28%        N/A       24%         4
e - Freeze                Ice            100%       1d10      2%          1
f - Lesser Beckoning      Tloc           56%        N/A       3%          2
Your spell library was empty.

Dungeon Overview and Level Annotations

Branches:
Dungeon (4/15)
 Temple: D:4-7

Altars:
Zin

Annotations:
D:3 Grinder


Innate Abilities, Weirdness & Mutations

You are immune to sickness and miasma.
You are immune to poison.
Your flesh is very heat resistant. (rF++)
You are vulnerable to cold. (rC-)
You float through the air rather than walking.
You learn spells naturally, not from books.
Your magical power is your life essence.
You have superior vitality. (+4 MHP)
Your muscles are strong. (Str +4, Int/Dex -1)


Message History

Confirm with . or Enter, or press ? or * to list all spells.
Aiming: Freeze (safe; 2% risk of failure)
Press: ? - help, Shift-Dir - straight line, f/p - Grinder
Aim: Grinder You feel a surge of power!
You freeze Grinder.
Grinder resists.
Grinder is lightly wounded.
Grinder hits you.
You writhe in agony.
It was a potion of heal wounds.
You feel much better.
Grinder blinks!
It was a potion of curing.
You feel better. Grinder gestures at you.
You suddenly lose the ability to move!
Grinder hits you!
You writhe in agony.
Your magical contamination has completely faded away.
You can move again.
It was a potion of brilliance.
You feel clever all of a sudden. Grinder closely misses you.
Okay, then.
Casting: Freeze (safe; 2% risk of failure)
Confirm with . or Enter, or press ? or * to list all spells.
Aiming: Freeze (safe; 2% risk of failure)
Press: ? - help, Shift-Dir - straight line, f/p - Grinder
Aim: Grinder (lightly wounded)
You feel a strong surge of power!
You freeze Grinder but do no damage.
Grinder completely resists.
Grinder hits you.
You writhe in agony.
It was a potion of mutation.
You feel extremely strange.
You feel stronger. Grinder gestures at you.
You suddenly lose the ability to move!
Grinder hits you!
* * * LOW HITPOINT WARNING * * *
You writhe in agony.
* * * LOW HITPOINT WARNING * * *
Grinder hits you.
* * * LOW HITPOINT WARNING * * *
You writhe in agony.
* * * LOW HITPOINT WARNING * * *
Grinder gestures at you. Pain shoots through your body!
You die...

.## ####.# #.# #.########### ..#
#.# #.# #.# .## #.###.## #.# ##
#####.##...# #.# # #........#.#
#.# # #.###.##...# #.# # #.#
#.##########.# ## #.#
#.#####...##.###
.###.###.#.....5@.....#
..................(.#.#
.###.##.#####.....###.# ###...#.#
#....####.# ........# #...##....#
###...#.# #.#.#.###.#
##.##.#####.#.....#.###########
####.##..........................
.....##########.##...############


You could see Grinder.

Vanquished Creatures
  A gnoll (D:4)
  7 adders
  2 worms
  3 dart slugs
  An orc (D:3)
  2 bats
  7 endoplasms
  5 giant cockroaches
  4 hobgoblins
  10 jackals
  3 kobolds
  5 ball pythons
  5 rats
55 creatures vanquished.

Notes
Turn   | Place    | Note
-------+----------+-------------------------------------------
     0 | D:1      | ASSMAN the Djinni Venom Mage began the quest for the Orb.
     0 | D:1      | ASSMAN set off with the following spells memorised: Sting,
                  | Poisonous Vapours, Mephitic Cloud, Olgreb's Toxic Radiance.
     0 | D:1      | Reached XP level 1. HP: 15/15 MP: 0/0
     8 | D:1      | You are sucked into a shaft and drop 1 floor!
   455 | D:1      | Reached XP level 2. HP: 8/21 MP: 0/0
   637 | D:1      | Reached skill level 3 in Spellcasting
   999 | D:1      | Reached XP level 3. HP: 23/25 MP: 0/0
   999 | D:1      | Learned a level 1 spell: Freeze
  1583 | D:2      | Reached XP level 4. HP: 20/31 MP: 0/0
  2241 | D:3      | Reached skill level 4 in Spellcasting
  2464 | D:3      | Reached XP level 5. HP: 33/35 MP: 0/0
  2464 | D:3      | Learned a level 2 spell: Lesser Beckoning
  3012 | D:3      | Found a glowing silver altar of Zin.
  3012 | D:3      | Noticed an angel
  3091 | D:4      | Noticed a black bear
  3115 | D:4      | Noticed Grinder
  3193 | D:3      | Paralysed by Grinder for 3 turns
  3198 | D:3      | Gained mutation: Your muscles are strong. (Str +4, Int/Dex
                  | -1) [potion of mutation]
  3198 | D:3      | Paralysed by Grinder for 4 turns
  3200 | D:3      | HP: 1/35 [Grinder (3)]
  3201 | D:3      | Killed from afar by Grinder

Illustrated notes

Levels and vault maps discovered:
D:1:      dpeg_arrival_simpleton_a, layout_basic
D:2:      layout_basic
D:3:      layout_loops_ring, zin_angel
D:4:      layout_cave_pools, overflow_temple_1_default,
          nicolae_wu_jian_immortal_techniques, gammafunk_ghost_stat_death,
          nicolae_underground_beach, uniq_eustachio, uniq_grinder

Skill      XL: |  1  2  3  4 |
---------------+-------------+-----
Spellcasting   | 3 4 |  4.5
Dodging        | |  2.1
Stealth        | |  1.5

Action                     |  1- 3 |  4- 6 || total
---------------------------+-------+-------++-------
  Melee: Unarmed           |    18 |     2 ||    20
   Cast: Sting             |    57 |    39 ||    96
         Freeze            |     3 |    23 ||    26
         Mephitic Cloud    |       |     1 ||     1
    Use: Potion            |       |     4 ||     4
 Armour: Robe              |    10 |     9 ||    19
  Dodge: Dodged            |    36 |    28 ||    64

Table legend: (Time is in decaauts)
 A = Elapsed time spent in this place.
 B = Non-inter-level travel time spent in this place.
 C = Inter-level travel time spent in this place.
 D = Time resting spent in this place.
 E = Time spent auto-exploring this place.
 F = Levels seen in this place.
 G = Mean time per level.
                   A        B        C        D        E       F      G
               +--------+--------+--------+--------+--------+-----+--------+
         Total |   3201 |   3084 |    117 |    334 |   2359 |   4 |  800.2 |
       Dungeon |   3201 |   3084 |    117 |    334 |   2359 |   4 |  800.2 |
               +--------+--------+--------+--------+--------+-----+--------+

Top non-repeatable levels by time:
     D:2: 1281 daAuts
     D:3: 956 daAuts
     D:1: 951 daAuts
     D:4: 11 daAuts
